AoeStats
← RS_Medik

Arabia

510149882Analyzed
4v4 RM · 2d ago on Sep 29, 2026· 27m 1s· 8 players
Game mode
Random Map
Map size
Large (8 player)
Population
200
Speed
Normal
Resources
Standard
Victory
Conquest
Starting age
Dark Age
Ending age
Imperial Age
RankedLock teamsTeams togetherTeam positionsShared explorationLock speedFull tech treeHidden civsTurbo modeCheats
Victory
Defeat
🇫🇷 Italians · France
904
+15
🇭🇷 Armenians · Croatia
855
+17
🇨🇭 Khitans · Switzerland
833
+17
🇭🇷 Cumans · Croatia
825
+18
🇩🇰 Magyars · Denmark
939
-19
🇩🇰 Ethiopians · Denmark
868
-17
🇩🇰 Bohemians · Denmark
842
-16
🇩🇰 Magyars · Denmark
822
-15
AlfioBang
10:48 Feudal Age
11:13 Double-Bit Axe
26:09 Wheelbarrow
Blobby
1:14 Loom
13:03 Feudal Age
13:37 Double-Bit Axe
13:38 Domestication
18:38 Castle Age
17:11 Forging
18:15 Scale Barding Armor
20:13 Iron Casting
20:01 Pastoralism
20:10 Husbandry
RS_Medik
10:49 Feudal Age
11:24 Loom
11:06 Man-at-Arms
12:07 Arson
14:18 Long Swordsman
17:31 Horse Collar
17:38 Double-Bit Axe
19:11 Scale Mail Armor
24:47 Gold Mining
24:48 Stone Mining
26:26 Scale Barding Armor
26:32 Forging
uselessplayer
3:09 Loom
11:39 Feudal Age
12:47 Double-Bit Axe
21:23 Wheelbarrow
21:37 Wheelbarrow
24:17 Castle Age
24:06 Town Watch
24:39 Stone Mining
26:12 Bow Saw
25:43 Horse Collar
26:24 Heavy Plow
26:26 Gold Mining
MiniYT
4:23 Loom
9:39 Feudal Age
10:06 Double-Bit Axe
14:24 Horse Collar
20:42 Castle Age
18:54 Scale Barding Armor
26:44 Bow Saw
mpbror
10:01 Loom
12:56 Feudal Age
13:31 Double-Bit Axe
13:33 Horse Collar
22:55 Castle Age
Hej jeg hedder Leif
7:07 Loom
9:40 Feudal Age
13:26 Double-Bit Axe
20:06 Castle Age
20:05 Gold Mining
21:37 Bow Saw
22:52 Padded Archer Armor
CYBER
7:09 Loom
11:41 Feudal Age
15:41 Fletching
Connection lost

Rejoining the realm…

Still unreachable

The connection could not be restored.

Session expired

The server has moved on; the page needs a fresh start.